 Dungeon Crawl Stone Soup version 0.28.0-1-gb440e238dd (webtiles) character file.

Game seed: 2265209086507313000

30306 EWolf27 the Brawler (level 13, -11/120 HPs)
             Began as a Troll Monk on Feb 22, 2022.
             Was the Champion of Okawaru.
             Shot with an arrow by a centaur warrior (17 damage)
             ... on level 2 of the Orcish Mines on Feb 23, 2022.
             The game lasted 00:56:42 (15988 turns).

EWolf27 the Brawler (Troll Monk)                   Turns: 15988, Time: 00:56:43

Health: -11/120    AC:  9    Str: 32    XL:     13   Next: 19%
Magic:  18/18      EV: 15    Int:  6    God:    Okawaru [******]
Gold:   1082       SH:  0    Dex: 12    Spells: 12/12 levels left

rFire   . . .      SeeInvis .     - Unarmed
rCold   . . .      Faith    .   (no shield)
rNeg    . . .      Spirit   .   q - +1 troll leather armour {Pargi}
rPois   .          Reflect  .   t - +0 hat
rElec   .          Harm     .   p - +0 cloak
rCorr   .          Rampage  .   (gloves unavailable)
Will    .....                   (boots unavailable)
Stlth   +.........              (no amulet)
HPRegen 1.90/turn               o - +6 ring of strength
MPRegen 0.16/turn               l - +4 ring of evasion

@: no status effects
A: large, unfitting armour, claws 3, regeneration 1, shaggy fur 1, tough skin 1
a: Renounce Religion, Heroism, Finesse, Duel


You were on level 2 of the Orcish Mines.
You worshipped Okawaru.
Okawaru was exalted by your worship.
You visited 4 branches of the dungeon, and saw 18 of its levels.
You also visited: Sewer and Ossuary.

You collected 1427 gold pieces.
You spent 345 gold pieces at shops.

Inventory:

Hand Weapons
 a - a +5 flail of protection
 x - a +0 vorpal giant spiked club
Missiles
 g - 5 throwing nets
 v - 312 stones
 E - 11 large rocks (quivered)
Armour
 p - a +0 cloak (worn)
 q - a +1 troll leather armour (worn) {Pargi}
 t - a +0 hat (worn)
Jewellery
 l - a +4 ring of evasion (right claw)
 m - a ring of see invisible
 o - a +6 ring of strength (left claw)
 I - a +4 ring of protection
 L - a ring of willpower
Wands
 s - a wand of paralysis (8)
 y - a wand of polymorph (15)
 B - a wand of acid (7)
 F - a wand of iceblast (15)
 H - a wand of mindburst (7)
Scrolls
 d - 7 scrolls of teleportation
 i - 2 scrolls of silence
 n - a scroll of fear
 G - 2 scrolls of identify
 J - a scroll of magic mapping
 K - a scroll of fog {unknown}
Potions
 b - 3 potions of flight
 c - 3 potions of heal wounds
 e - 5 potions of lignification
 f - a potion of ambrosia
 h - a potion of attraction
 j - 2 potions of mutation
 k - 2 potions of cancellation
 r - a potion of might {unknown}
 u - a potion of magic {unknown}
 w - 3 potions of brilliance
 z - 4 potions of curing
 A - 4 potions of haste
 C - 2 potions of resistance


   Skills:
 + Level 5.9 Fighting
 + Level 4.5 Maces & Flails
 * Level 4.1 Throwing
 - Level 5.0 Armour
 + Level 6.0 Dodging
 - Level 1.0 Stealth
 + Level 15.9 Unarmed Combat
 * Level 9.0 Invocations


You had 12 spell levels left.
You didn't know any spells.
Your spell library contained the following spells:

 Spells                   Type           Power      Damage    Failure   Level
 Apportation              Tloc           0%         N/A       50%         1
 Foxfire                  Conj/Fire      0%         2x1d4     50%         1
 Scorch                   Fire           0%         2d5       63%         2
 Conjure Flame            Conj/Fire      0%         6-21      86%         3
 Inner Flame              Hex/Fire       0%         N/A       86%         3
 Portal Projectile        Hex/Tloc       0%         N/A       86%         3
 Flame Wave               Conj/Fire      0%         2d4       99%         4
 Passage of Golubria      Tloc           0%         N/A       99%         4
 Sticky Flame             Conj/Fire      0%         2d3       99%         4
 Blade Hands              Tmut           0%         N/A       100%        5
 Borgnjor's Vile Clutch   Necr/Erth      0%         N/A       100%        5
 Excruciating Wounds      Necr           0%         N/A       100%        5
 Silence                  Hex/Air        0%         N/A       100%        5
 Lehudib's Crystal Spear  Conj/Erth      0%         10d2      100%        8
 Animate Skeleton         Necr           Unusable   N/A       N/A         1
 Summon Small Mammal      Summ           Unusable   N/A       N/A         1
 Animate Armour           Summ/Erth      Unusable   N/A       N/A         4
 Animate Dead             Necr           Unusable   N/A       N/A         4
 Death Channel            Necr           Unusable   N/A       N/A         6

Dungeon Overview and Level Annotations

Branches:
Dungeon (12/15)            Temple (1/1) D:6            Lair (3/6) D:9
    Orc (2/2) D:11          Sewer (visited)         Ossuary (visited)
  Swamp: Lair:2-4    Shoals: Lair:2-4     Snake: Lair:2-4    Spider: Lair:2-4
    Elf: Orc:2

Altars:
Ashenzari
Cheibriados
Dithmenos
Elyvilon
Fedhas
Gozag
Hepliaklqana
Kikubaaqudgha
Makhleb
Nemelex Xobeh
Okawaru
Qazlal
Ru
Sif Muna
Trog
Uskayaw
Vehumet
Wu Jian
Xom
Yredelemnul
Zin
The Shining One

Shops:
D:6 !

Annotations:
D:8 1 runed translucent door, mfcas's ghost, novice OpEE
D:9 3 runed translucent doors, Thargor's ghost, novice MiFi


Innate Abilities, Weirdness & Mutations

You are too large for most types of armour.
You have claws for hands.
Your natural rate of healing is unusually fast.
You are covered in fur. (AC +1)
You have tough skin. (AC +1)


Message History

The centaur warrior is almost dead.
The centaur shoots an arrow.
The arrow hits you. The centaur warrior hits you!
The centaur warrior kicks you but does no damage.
The orc wizard misses you.
You hear a shout! x2
The centaur warrior wields a +0 shortbow.
The centaur warrior shoots an arrow.
The arrow barely misses you.
The centaur shoots an arrow.
The arrow hits you!
You hear a shout!
The centaur warrior shoots an arrow.
The arrow hits you!!
* * * LOW HITPOINT WARNING * * *
The centaur shoots an arrow.
The arrow closely misses you.
A magic dart appears from out of thin air!
The magic dart hits you.
* * * LOW HITPOINT WARNING * * *
You hear a shout!
The centaur warrior shoots an arrow.
The arrow barely misses you.
The centaur shoots an arrow.
The arrow barely misses you.
The centaur warrior shoots an arrow.
The arrow hits you!
* * * LOW HITPOINT WARNING * * *
The centaur shoots an arrow.
The arrow barely misses you.
You feel much better. The orc wizard barely misses you.
The centaur warrior shoots an arrow.
The arrow hits you!
* * * LOW HITPOINT WARNING * * *
The centaur shoots an arrow.
The arrow hits you!
* * * LOW HITPOINT WARNING * * *
A puff of flame appears from out of thin air!
The puff of flame hits you!
* * * LOW HITPOINT WARNING * * *
The orc wizard closely misses you.
You hear a shout!
The centaur shoots an arrow.
The arrow barely misses you. The orc wizard casts a spell at you.
You easily resist.
You hear a shout!
The centaur warrior shoots an arrow.
The arrow hits you!
* * * LOW HITPOINT WARNING * * *
The centaur shoots an arrow.
The arrow closely misses you.
The centaur warrior shoots an arrow.
The arrow hits you!
You die...

#........##.#....##
.##.....#.##........#
.........##.)......##
.......<..##......##
.......#...#....###
.................##
...........#......##
...........##......## ##
...........#.#@.....##.#
#...#..$.......$...#....
.......................#
.............o^.$...###
#...........c.......#
..$...............
..........).......
..........)......#
......c#.........#


You could see a centaur warrior and an orc wizard.

Vanquished Creatures
  Gastronok (D:8)
  Harold (D:11)
  A hydra (D:9)
  A two-headed ogre (D:11)
  2 skeletal warriors
  An orc sorcerer (Orc:2)
  A cyclops (D:11)
  2 manticores (D:11)
  4 elephants
  Joseph (D:9)
  2 black mambas
  A torpor snail (Lair:2)
  5 komodo dragons
  3 cane toads
  An unseen horror (D:10)
  2 rime drakes
  2 trolls
  A polar bear (Lair:2)
  Prince Ribbit (D:8)
  10 blink frogs
  2 shadows (D:11)
  3 wyverns
  48 yaks
  A steam dragon (D:10)
  Edmund (D:5)
  4 water moccasins
  12 orc warriors
  A sky beast (D:7)
  Pargi (Sewer)
  3 black bears
  4 ogres
  35 wolves
  2 phantoms
  5 centaurs
  3 elf zombies (Ossuary)
  4 kobold brigands
  4 gnoll sergeants
  5 bullfrogs
  2 water moccasin zombies (D:5)
  A wyvern zombie (D:6)
  A scorpion (D:5)
  8 wights
  4 howler monkeys
  A centaur zombie (D:5)
  2 hounds
  2 gnoll shamans
  A jelly (D:6)
  A centaur skeleton (D:6)
  2 human zombies (Ossuary)
  8 orc priests
  A bullfrog skeleton (D:4)
  2 iguanas
  5 orc wizards
  Ijyb (D:5)
  2 mummies (Ossuary)
  2 howler monkey zombies (D:10)
  9 adders
  27 gnolls
  A river rat (D:4)
  3 shadow imps
  A white imp (D:7)
  2 ufetubi
  An adder zombie (Ossuary)
  An adder skeleton (D:4)
  3 dart slugs
  27 orcs
  14 ball pythons
  7 endoplasms
  5 giant cockroaches
  10 goblins
  6 hobgoblins
  3 jackals (D:2)
  7 quokkas
  5 bats
  5 frilled lizards
  3 goblin zombies (Ossuary)
  9 hobgoblin zombies (Ossuary)
  A jackal zombie (Ossuary)
  18 kobolds
  9 kobold zombies (Ossuary)
  7 orc zombies (Ossuary)
  7 rats
  A rat zombie (Ossuary)
419 creatures vanquished.

Vanquished Creatures (others)
  10 fungi
  13 plants
23 creatures vanquished.

Grand Total: 442 creatures vanquished

Notes
Turn   | Place    | Note
-------+----------+-------------------------------------------
     0 | D:1      | EWolf27 the Troll Monk began the quest for the Orb.
     0 | D:1      | Reached XP level 1. HP: 22/22 MP: 0/0
   192 | D:1      | Reached XP level 2. HP: 27/29 MP: 1/1
   349 | D:1      | Found a faded altar of an unknown god.
   358 | D:1      | Prayed at the altar of an unknown god.
   358 | D:1      | Became a worshipper of Warmaster Okawaru
   358 | D:1      | Reached * piety under Okawaru
   358 | D:1      | Reached ** piety under Okawaru
   654 | D:2      | Reached XP level 3. HP: 36/36 MP: 2/2
  1035 | D:2      | Reached skill level 4 in Unarmed Combat
  1035 | D:2      | Reached skill level 1 in Invocations
  1035 | D:2      | Reached XP level 4. HP: 44/44 MP: 3/3
  1637 | D:3      | Reached *** piety under Okawaru
  1793 | D:3      | Reached XP level 5. HP: 52/52 MP: 4/4
  2240 | D:4      | Noticed a phantom
  2337 | D:4      | Found a glowing drain.
  2371 | Sewer    | Entered a sewer
  2417 | Sewer    | Noticed Pargi
  2423 | Sewer    | Killed Pargi
  2424 | Sewer    | Reached skill level 5 in Unarmed Combat
  2424 | Sewer    | Reached XP level 6. HP: 58/61 MP: 3/6
  2791 | D:4      | Found a sparkling altar of Nemelex Xobeh.
  3011 | D:4      | You fall into a shaft and drop 1 floor!
  3011 | D:5      | Entered Level 5 of the Dungeon
  3011 | D:5      | Noticed Edmund
  3026 | D:5      | Killed Edmund
  3026 | D:5      | Reached **** piety under Okawaru
  3027 | D:5      | Reached skill level 6 in Unarmed Combat
  3027 | D:5      | Reached XP level 7. HP: 58/67 MP: 7/7
  3237 | D:5      | Reached skill level 1 in Armour
  3285 | D:5      | Noticed Ijyb
  3769 | D:5      | Reached skill level 7 in Unarmed Combat
  3911 | D:5      | Killed Ijyb
  4014 | D:5      | Found a glowing golden altar of the Shining One.
  4208 | D:6      | Reached XP level 8. HP: 69/75 MP: 9/9
  4246 | D:6      | Found Sufesen's Distillery.
  4261 | D:6      | Bought a potion of heal wounds for 75 gold pieces
  4361 | D:6      | Reached ***** piety under Okawaru
  4395 | D:6      | Found a staircase to the Ecumenical Temple.
  4607 | Temple   | Entered the Ecumenical Temple
  4719 | D:6      | Received a gift from Okawaru
  4772 | D:6      | Found a bloodstained altar of Trog.
  4848 | D:6      | Reached skill level 8 in Unarmed Combat
  5095 | D:7      | Found an ornate altar of the Wu Jian Council.
  5097 | D:7      | Found a broken altar of Ashenzari.
  5274 | D:7      | Reached skill level 1 in Maces & Flails
  5286 | D:7      | Reached XP level 9. HP: 72/84 MP: 9/11
  5291 | D:7      | Reached skill level 5 in Dodging
  5777 | D:8      | Identified a scroll of acquirement
  5777 | D:8      | Acquired 688 gold pieces
  5793 | D:8      | Found a sand-covered staircase.
  5823 | Ossuary  | Entered an ossuary
  6031 | Ossuary  | Reached skill level 9 in Unarmed Combat
  6308 | D:8      | Found a runed translucent door.
  6308 | D:8      | Noticed mfcas's ghost (novice OpEE)
  6388 | D:8      | Reached skill level 5 in Invocations
  6583 | D:8      | Reached skill level 10 in Unarmed Combat
  6647 | D:8      | Found a sacrificial altar of Ru.
  6684 | D:8      | Noticed Gastronok
  6702 | D:8      | Killed Gastronok
  6703 | D:8      | Reached XP level 10. HP: 92/92 MP: 9/13
  6971 | D:8      | Found an opulent altar of Gozag.
  6993 | D:8      | Noticed Prince Ribbit
  7008 | D:8      | Killed Prince Ribbit
  7008 | D:8      | Identified the +1 robe of Qielick {Harm Dex+4} (Okawaru
                  | gifted it to you on level 8 of the Dungeon)
  7008 | D:8      | Received a gift from Okawaru
  7291 | D:9      | Reached skill level 11 in Unarmed Combat
  7554 | D:9      | Found a staircase to the Lair.
  7992 | D:9      | Found a runed translucent gate.
  7992 | D:9      | Found a runed translucent gate.
  7992 | D:9      | Found a runed translucent gate.
  7993 | D:9      | Noticed a nine-headed hydra
  7994 | D:9      | Noticed Thargor's ghost (novice MiFi)
  8043 | D:9      | Noticed Joseph
  8050 | D:9      | Killed Joseph
  8465 | D:9      | Reached skill level 12 in Unarmed Combat
  8643 | D:10     | Entered Level 10 of the Dungeon
  8648 | D:10     | Found a stormy altar of Qazlal.
  9081 | D:10     | Got the Guide on the Blistering Rocks
  9118 | D:10     | Reached XP level 11. HP: 71/99 MP: 14/14
  9573 | D:6      | Bought a potion of resistance for 150 gold pieces
  9573 | D:6      | Bought a potion of cancellation for 120 gold pieces
 10108 | D:11     | Noticed Harold
 10119 | D:11     | Killed Harold
 10542 | D:11     | Received a gift from Okawaru
 10807 | D:11     | Reached skill level 13 in Unarmed Combat
 10840 | D:11     | Found a blossoming altar of Fedhas.
 11150 | D:11     | Found a staircase to the Orcish Mines.
 11317 | D:11     | Reached skill level 1 in Throwing
 11341 | D:11     | Received a gift from Okawaru
 11484 | D:12     | Noticed a skeletal warrior
 11485 | D:12     | Noticed a skeletal warrior
 11485 | D:12     | Noticed a skeletal warrior
 11491 | D:12     | Noticed a two-headed ogre
 11495 | D:12     | Killed a skeletal warrior
 11548 | D:11     | Killed a skeletal warrior
 11550 | D:11     | Killed a two-headed ogre
 11550 | D:11     | Reached ****** piety under Okawaru
 11759 | Lair:1   | Entered Level 1 of the Lair of Beasts
 11933 | Lair:1   | Noticed a five-headed hydra
 11939 | Lair:1   | Reached skill level 14 in Unarmed Combat
 11941 | Lair:1   | Reached XP level 12. HP: 110/110 MP: 16/16
 12045 | D:9      | Killed a five-headed hydra
 12283 | Lair:1   | Identified the -10 kite shield "Buvyur" {Regen+ Int+6}
                  | (Okawaru gifted it to you on level 1 of the Lair of Beasts)
 12283 | Lair:1   | Received a gift from Okawaru
 12288 | Lair:1   | Reached skill level 5 in Fighting
 12948 | Lair:1   | Found a snail-covered altar of Cheibriados.
 13580 | Lair:2   | Reached skill level 15 in Unarmed Combat
 13831 | Lair:2   | Received a gift from Okawaru
 13833 | Lair:2   | Reached XP level 13. HP: 120/120 MP: 18/18
 14550 | Lair:2   | Reached skill level 5 in Armour
 15187 | Lair:3   | Received a gift from Okawaru
 15764 | Orc:1    | Entered Level 1 of the Orcish Mines
 15928 | Orc:2    | Entered Level 2 of the Orcish Mines
 15987 | Orc:2    | HP: 5/120 [centaur warrior/arrow (14)]
 15988 | Orc:2    | Shot with an arrow by a centaur warrior

Illustrated notes

Levels and vault maps discovered:
D:1:      shiori_arrival_elements, layout_loops_ring,
          ebering_ecumenical_altar_hall, minmay_misc_feat_nine_boxes,
          st_stairs_3
D:2:      layout_loops_ring, minmay_fountain_box, nrook_uturn, st_stairs_8
D:3:      layout_basic, serial_rivers, chequers_serial_rivers_micro_c,
          chequers_serial_rivers_micro_a, chequers_serial_rivers_micro_a,
          chequers_serial_rivers_marsh, chequers_serial_rivers_room_b
D:4:      layout_rooms, lemuel_crystal_altar, portal_sewer_entry_a
D:5:      layout_loops_ring, tso_oasis_becter, uniq_ijyb, uniq_edmund
D:6:      layout_rooms, trog_three_pillars_becter, minmay_temple_entry_grid,
          serial_shops, nicolae_shop_advertising_works
          [nicolae_subvault_shop_adworks], minmay_quadrilaterals
D:7:      layout_basic, mainiacjoe_overflow_catwalk_spiral
D:8:      layout_loops_corners, old_standard_altar, nicolae_ru_awakened_eye,
          nicolae_ossuary_entry_ruins, hellmonk_ghost_big_iron,
          uniq_prince_ribbit1, uniq_gastronok
D:9:      layout_irregular_city, david_lair_generic, gammafunk_ghost_hydra_chop,
          amcnicky_mini_rare_corridor_liquid, hangedman_abyss_or_decor_passed,
          uniq_joseph
D:10:     layout_cross, overflow_temple_1_default
D:11:     layout_stronghold, kennysheep_orc_monster_closet_entryway,
          fedhas_ov_isle_minmay, uniq_harold
D:12:     layout_loops_ring, dk_noncrumbling_4, minivault_19
Temple:   zaba_magenta_temple
Lair:1:   layout_cave_pods, portal_ice_cave_entry_pillars_2, basic_altar
Lair:2:   layout_misc_corridors, grunt_forest_large_clearings,
          grunt_megastairs_3
Lair:3:   layout_long_grid, grunt_megastairs_5
Orc:1:    layout_diamond_mine
Orc:2:    st_orc_rangers, layout_caves, basic_altar

Skill      XL: |  1  2  3  4  5  6  7  8  9 10 11 12 13 |
---------------+----------------------------------------+-----
Unarmed Combat | 4 5 6 7 8 10 12 14 15 | 15.9
Invocations    | 1 2 3 4 5 6 7 8 9 |  9.0
Dodging        | 3 4 5 6 |  6.0
Fighting       | 3 4 5 |  5.9
Armour         | 1 2 4 5 |  5.0
Maces & Flails | 1 3 4 |  4.5
Throwing       | 2 4 |  4.1
Stealth        | |  1.0

Action                   |  1- 3 |  4- 6 |  7- 9 | 10-12 | 13-15 || total
-------------------------+-------+-------+-------+-------+-------++-------
Melee: Unarmed           |   103 |   144 |   325 |   613 |    69 ||  1254
       Punch             |     2 |     4 |    12 |    39 |     9 ||    66
       Giant spiked club |       |       |       |     7 |    17 ||    24
Throw: Stone             |       |       |     1 |     7 |       ||     8
Invok: Heroism           |       |     1 |     2 |     2 |       ||     5
  Use: Scroll            |       |       |    16 |     4 |     2 ||    22
       Potion            |       |       |       |       |     2 ||     2
 Stab: Sleeping          |     4 |     2 |     1 |       |       ||     7
Armor: Robe              |    26 |    28 |       |       |       ||    54
       Troll leather arm |       |    16 |   142 |   143 |    38 ||   339
       Skin              |       |       |     2 |       |       ||     2
Dodge: Dodged            |    49 |    75 |   198 |   461 |    97 ||   880
